Cogmind - Beta 13 @@@ ROGUE MODE // 2024.05.15 @ 13:02:36 Player: McFluffinkins Result: Destroyed by D-53 Grenadier via exploding Plasma Injector Performance ------------- Evolutions (0) 0 Regions Visited (2) 400 Robots Destroyed (20) 100 Value Destroyed (327) 327 Prototype IDs (0) 0 Alien Tech Used (0) 0 Bonus (0) 0 TOTAL SCORE: 827 Bonus ------- None Cogmind --------- Core Integrity 0/250 Matter 61/300 Energy 121/125 System Corruption 0% Temperature Cool (12) Movement Rolling (130) Ox2 Location -10/Mines Parts ------- > --- POWER (1) -------- Light Ion Engine > --- PROPULSION (2) --- Compact Wheel Compact Wheel > --- UTILITY (2) ------ Huge Storage Unit Weapon Shielding > --- WEAPON (2) ------- Light Assault Rifle Mining Laser > --- INVENTORY (25) --- Light Ion Engine Light Ion Engine Light Treads Light Treads Compact Wheel Hover Unit Hover Unit Hover Unit High-capacity Storage Unit Structural Scanner Sensor Array Sensor Array Signal Interpreter Terrain Scanner Hacking Suite Light Assault Rifle Light Assault Rifle Grenade Launcher Datajack Peak State ------------ > --- POWER ------------ Light Ion Engine > --- PROPULSION ------- Wheel Wheel > --- UTILITY ---------- Huge Storage Unit Sensor Array > --- WEAPON ----------- Assault Rifle Assault Rifle > --- INVENTORY -------- Light Ion Engine Light Treads Light Treads Compact Wheel Compact Wheel Compact Wheel Hover Unit High-capacity Storage Unit Sensor Array Sensor Array Signal Interpreter Signal Interpreter Terrain Scanner Tractor Beam Light Assault Rifle Grenade Launcher Datajack Mining Laser Mining Laser Welding Torch [Rating: 9] Favorites ----------- Power Light Ion Engine Engine Light Ion Engine Propulsion Wheel Treads Light Treads Wheel Wheel Utility Huge Storage Unit Device Sensor Array Storage Huge Storage Unit Processor Signal Interpreter Protection Weapon Shielding Weapon Assault Rifle Ballistic Gun Assault Rifle Launcher Grenade Launcher Special Weapon Mining Laser Build | -11 -10 -10 ------- Run | Yrd Mat Min Slots Evolved . | . . . Power . | . . . Propulsion . | . . . Utility . | . . . Weapon . | . . . Parts Attached 44 | 6 36 2 Power 3 | 1 2 . Engine 3 | 1 2 . Core . | . . . Reactor . | . . . Propulsion 12 | 2 10 . Treads 2 | . 2 . Leg . | . . . Wheel 10 | 2 8 . Hover . | . . . Flight . | . . . Utility 14 | 1 11 2 Device 6 | . 5 1 Storage 4 | 1 3 . Processor 2 | . 2 . Hackware . | . . . Protection 2 | . 1 1 Artifact . | . . . Weapon 15 | 2 13 . Energy Gun . | . . . Energy Cannon . | . . . Ballistic Gun 8 | 2 6 . Ballistic Cannon . | . . . Launcher 2 | . 2 . Special Weapon 5 | . 5 . Impact Weapon . | . . . Slashing Weapon . | . . . Piercing Weapon . | . . . Special Melee Weapon . | . . . Unidentified Prototypes . | . . . Parts Lost 2 | . 2 . Power . | . . . Propulsion 2 | . 2 . Utility . | . . . Weapon . | . . . Highest Loss Streak 1 | . 1 . To Critical Strikes . | . . . Average Slot Usage (%) 98 | . 98 100 Engine 14 | . 14 14 Wheel 27 | . 27 28 Device 6 | . 6 14 Storage 15 | . 15 14 Processor 5 | . 5 . Ballistic Gun 22 | . 22 14 Launcher 2 | . 2 . Special Weapon 3 | . 3 14 Naked Turns . | . . . Heaviest Build 106 | 11 106 86 Greatest Support 32 | 26 32 32 Greatest Overweight (x) 5 | 1 5 2 Average Overweight (x) 2 | . 2 2 Largest Inventory Capacity 25 | 8 25 25 Average Capacity 24 | 6 24 25 Most Carried 22 | 5 22 20 Average Carried 16 | 3 17 19 Final Capacity 25 | 8 25 25 Final Carried 20 | 4 20 19 Class Distribution -------------------- 100% | Mutant Dominant Class ---------------- Mutant | -10/Materials Mutant | -10/Mines Resources | -11 -10 -10 ----------- Run | Yrd Mat Min Matter Collected 641 | 231 410 . Remotely . | . . . Salvage Created 405 | . 405 . Parts 47 | . 47 . Haulers Intercepted . | . . . Recyclers Shooed 1 | 1 . . Parts Field Recycled . | . . . Retrieved Matter . | . . . Parts Self-Destructed . | . . . Prevented . | . . . Kills | -11 -10 -10 ------- Run | Yrd Mat Min Combat Hostiles Destroyed 11 | . 11 . Guns 9 | . 9 . AOE 2 | . 2 . Classes Destroyed 6 | . 6 . Worker 1 | . 1 . Builder 5 | . 5 . Operator 1 | . 1 . Watcher 2 | . 2 . Swarmer 6 | . 6 . Grunt 5 | . 5 . Best Kill Streak 6 | . 6 . Combat Bots Only 5 | . 5 . Max Kills in Single Turn 2 | . 2 . Gunslinging . | . . . Exploded 1 | . 1 . Melee . | . . . Uniques/NPCs Destroyed . | . . . Combat | -11 -10 -10 -------- Run | Yrd Mat Min Hostile Shots Fired 67 | . 62 5 Missed 14 | . 14 . Damage Taken 816 | . 587 229 Core 265 | . 161 104 Absorbed by Shields . | . . . Redirected to Shielding 28 | . 18 10 Regen/Repaired (Parts) 8 | . 8 . Core Remaining (%) 100 | 100 . . Volleys Fired 58 | 1 57 . Largest 2 | 1 2 . Hottest 100 | 20 100 . Shots Fired 86 | 1 85 . Gun 68 | 1 67 . Cannon . | . . . Launcher 7 | . 7 . Special 11 | . 11 . Kinetic 68 | 1 67 . Thermal 11 | . 11 . Explosive 7 | . 7 . Electromagnetic . | . . . Robot Hit Streak 10 | . 10 . Robot Miss Streak 4 | 1 4 . Penetration Max . | . . . Secondary Targets . | . . . Shots Hit Robots 43 | . 43 . Core Hits 32 | . 32 . Critical Kills . | . . . Critical Parts Destroyed . | . . . Critical Strikes . | . . . Melee Attacks . | . . . Impact . | . . . Slashing . | . . . Piercing . | . . . Sneak Attacks . | . . . Combat Hostiles . | . . . Follow-up Attacks . | . . . Damage Inflicted 736 | . 736 . Guns 516 | . 516 . Cannons . | . . . Explosions 216 | . 216 . Melee . | . . . Ramming 4 | . 4 . Kinetic 516 | . 516 . Thermal . | . . . Explosive 216 | . 216 . Electromagnetic . | . . . Impact . | . . . Slashing . | . . . Piercing . | . . . Highest Corruption . | . . . Average Corruption . | . . . Corruption Purged . | . . . Corruption Blocked . | . . . Overload Shots . | . . . Overflow Damage . | . . . Projectiles . | . . . Explosions . | . . . Melee . | . . . Knockbacks . | . . . Impact . | . . . Kinetic . | . . . Secondary . | . . . Self-Inflicted Damage 32 | . 32 . Shots 1 | . 1 . Rammed 1 | . 1 . Targets Rammed 1 | . 1 . Kicked . | . . . Crushed . | . . . Highest Temperature 20 | . 20 . Average Temperature 11 | . 11 . Received Heat Transfer 201 | . 189 12 Siege Activations . | . . . Robots Corrupted . | . . . Combat Hostiles . | . . . Parts Fried . | . . . Impact Corruptions . | . . . Robots Melted . | . . . Combat Hostiles . | . . . Parts Melted . | . . . Heat Transferred . | . . . Parts Sabotaged . | . . . Parts Stolen . | . . . Parts Stripped . | . . . Power Chain Reactions . | . . . Alert | -11 -10 -10 ------- Run | Yrd Mat Min Peak Influence 284 | . 284 110 Initial 110 | . . 110 Average 82 | . 84 110 Maximum Alert Level 1 | . 1 . Low Security (%) 80 | 100 79 100 Level 1 19 | . 20 . Level 2 . | . . . Level 3 . | . . . Level 4 . | . . . Level 5 . | . . . High Security . | . . . Max Security . | . . . Squads Dispatched 2 | . 2 . Investigation 2 | . 2 . Extermination . | . . . Reinforcement . | . . . Assault . | . . . Garrison . | . . . Intercept . | . . . Searches Triggered . | . . . Construction Impeded . | . . . Haulers Reinforced . | . . . Active Scanning Responses . | . . . Cargo Convoy Interrupts . | . . . Stealth | -11 -10 -10 --------- Run | Yrd Mat Min Distress Signals . | . . . Communications Jammed . | . . . Distress Signals . | . . . Times Spotted 21 | . 19 2 Peak Tracking Total 5 | . 5 2 Tactical Retreats . | . . . Traps | -11 -10 -10 ------- Run | Yrd Mat Min Traps Triggered 2 | . 2 . Indirectly . | . . . Trap Hack Attempts . | . . . Triggered . | . . . Disarmed . | . . . Reprogrammed . | . . . Reused . | . . . Traps Extracted . | . . . Installed . | . . . Triggered . | . . . Machines | -11 -10 -10 ---------- Run | Yrd Mat Min Machines Disabled 2 | . 2 . Max in Single Turn 1 | . 1 . Machines Repaired . | . . . Machines Dismantled . | . . . Machines Sabotaged . | . . . Overloaded Fab Kills . | . . . Hacking | -11 -10 -10 --------- Run | Yrd Mat Min Machines Accessed 7 | . 7 . Terminals 5 | . 5 . Fabricators . | . . . Repair Stations 1 | . 1 . Recycling Units 1 | . 1 . Scanalyzers . | . . . Garrison Access . | . . . Total Hacks 21 | . 21 . Successful 11 | . 11 . Failed 10 | . 10 . Catastrophic 1 | . 1 . Database Lockouts . | . . . Manual 8 | . 8 . Terminals 15 | . 15 . Fabricators . | . . . Repair Stations 2 | . 2 . Recycling Units 4 | . 4 . Scanalyzers . | . . . Garrison Access . | . . . Terminal Hacks 6 | . 6 . Emergency Access Points 1 | . 1 . Recall Reinforcements 1 | . 1 . Hauler Manifests 1 | . 1 . Zone Layout 3 | . 3 . Fabricator Hacks . | . . . Repair Station Hacks 2 | . 2 . Scan Component 1 | . 1 . Repair 1 | . 1 . Recycling Unit Hacks 3 | . 3 . Report Inventory 2 | . 2 . Retrieve Matter 1 | . 1 . Scanalyzer . | . . . Garrison Access Hacks . | . . . Unauthorized Hacks . | . . . Terminals . | . . . Fabricators . | . . . Repair Stations . | . . . Recycling Units . | . . . Scanalyzers . | . . . Garrison Access . | . . . Data Cores Recovered 1 | . 1 . Used . | . . . Hacking Detections 5 | . 5 . Full Trace Events 3 | . 3 . Feedback Events . | . . . Feedback Blocked . | . . . Robot Schematics Acquired . | . . . Robots Built . | . . . Authchips . | . . . Time . | . . . Total Robot Build Rating . | . . . Part Schematics Acquired . | . . . Parts Built . | . . . Authchips . | . . . Time . | . . . Total Part Build Rating . | . . . Parts Repaired 1 | . 1 . Time 38 | . 38 . Parts Recycled . | . . . Recycled Matter . | . . . Retrieved Matter . | . . . Retrieved Components . | . . . Parts Scanalyzed . | . . . Part Schematics Acquired . | . . . Parts Damaged . | . . . Bothacking | -11 -10 -10 ------------ Run | Yrd Mat Min Used RIF Installer . | . . . Robots Hacked . | . . . Non-combat . | . . . Combat . | . . . Robot Hacks Applied . | . . . Relay Couplers Released . | . . . Fabnet Peak Effective % . | . . . Robots Rewired . | . . . Allies Hacked . | . . . Hacks Repelled . | . . . Allies | -11 -10 -10 -------- Run | Yrd Mat Min Total Allies . | . . . Largest Group . | . . . Highest-Rated Group . | . . . Highest-Rated Ally . | . . . Total Orders . | . . . Ally Attacks . | . . . Total Damage . | . . . Kills . | . . . Allies Corrupted . | . . . Allies Melted . | . . . Intel | -11 -10 -10 ------- Run | Yrd Mat Min Robot Analysis Total . | . . . Derelict Logs Recovered . | . . . Drone Launches . | . . . Drone Recoveries . | . . . Exploration | -11 -10 -10 ------------- Run | Yrd Mat Min Turns Passed 1215 | 44 1140 31 Spaces Moved 625 | 39 567 19 Core 17 | 17 . . Treads . | . . . Legs . | . . . Wheels 608 | 22 567 19 Hover . | . . . Flight . | . . . Fastest Speed 50 | 50 90 130 Average Speed 130 | 72 134 130 Slowest Speed 175 | 100 175 130 Overloaded Moves . | . . . Propulsion Burnouts . | . . . Robots Hopped . | . . . Cave-ins Triggered . | . . . Exploration Rate (%) 31 | 3 78 13 Regions Visited 2 Branch Regions 1 Pre-discovered Areas . | . . . Known Exits Taken 1 | . 1 . Unknown Exits Taken 1 | 1 . . Scrap Searched . | . . . Spaces Dug 15 | . 15 . Terrain Destroyed 49 | . 49 . Melee . | . . . Projectile 11 | . 11 . AOE 38 | . 38 . Terrain Rammed . | . . . Walls Destroyed . | . . . Machines Disabled . | . . . Actions | -11 -10 -10 --------- Run | Yrd Mat Min Total 908 | 50 832 26 Wait 125 | . 121 4 Move 623 | 38 566 19 Hop . | . . . Pick Up 40 | 5 35 . Fast Attach 5 | 5 . . Attach 12 | 1 10 1 Detach 1 | . 1 . Swap 27 | . 26 1 Drop 16 | . 15 1 Fire 58 | 1 57 . Melee . | . . . Ram 1 | . 1 . Kick . | . . . Crush . | . . . Escape Stasis . | . . . Rewire . | . . . Trap . | . . . Miscellaneous . | . . . Route ------- -11/Scrapyard -10/Materials (discovered 4 exits: *Mat x2 / *Min x2) -10/Mines History --------- Turn | Location | Event 9 | -11/Scrapyard | Discovered new exit (range 16) 45 | -11/Scrapyard | Entered Materials 218 | -10/Materials | Discovered new exit (range 14) 302 | -10/Materials | Build established: Mutant 379 | -10/Materials | Discovered new exit (range 13) 494 | -10/Materials | Discovered new exit (range 6) 725 | -10/Materials | Discovered new exit (range 6) 770 | -10/Materials | Identified exit to Materials 868 | -10/Materials | Core integrity fell below 50% 1017 | -10/Materials | Repaired Hacking Suite 1184 | -10/Materials | Identified exit to Mines 1185 | -10/Materials | Entered Mines 1197 | -10/Mines | Assembled infested the area 1209 | -10/Mines | Met a Derelict bent on vengeance 1215 | -10/Mines | Core integrity fell below 20% 1216 | -10/Mines | Destroyed by D-53 Grenadier via exploding Plasma Injector Last Messages --------------- 01086_ Acquired Wheel. 01089_ Dropped Mining Laser. 01089_ Dropped Wheel. 01095_ K-01 Serf collects debris. 01155_ Acquired Com. Wheel. 01168_ K-01 Serf cleans the Fusion Modulator. 01184_ EXIT=IDENTIFIED: MINES LOCATION=MINES GOAL=ESCAPE 01185_ Discarded Signal Interpreter. 01186_ K-01 Serf collects debris. 01197_ ALERT: Infestation in the mines, dispatching Demolisher response squad. 01209_ K-01 Serf collects debris. 01210_ C-30 ARC bursts open, deploying its payload. 01210_ D-53 Grenadier unfolds itself. 01211_ K-01 Serf collects debris. 01216_ Plasma Injector explodes. Map ----- +----------------------------------------------------+ | | | | | | | | | | | | | | | | | ?????????????????????????????????? | | ?????????????????????????????????? | | ?????????????????????????????????? | | ??????????####???????????????????? | | ?????????# ???????????????????? | | ????????? ???????????????????? | | ???????## ????????????????????? | | ?????### ????????????????????? | | ????## ????????????????????? | | ????# #????????????????????? | | ????? ##???????????????????? | | ?????# ;#??????????????????? | | ?????? #??????????????????? | | ?????## #??????????????????? | | ????## ;???????????????????? | | ???## ;???????????????????? | | ???# ; ???????????????????? | | ???# @ ????????????????????? | | ???# #???????????????????? | | ???# #???????????????????? | | ???# ??????????????????? | | ???# # ????????????????? | | ???# ### ???????????????? | | ???## #??# #?????????????? | | ????# #???# #?????????????? | | ????## dd##### ##?????????????? | | ?????# ###??????????????? | | ?????## k #????????????????? | | ??????### " #????????????????? | | ????????# ##%" ##????????????????? | | ???###### #?"###?????????????????? | | ???# # #? #???????????????????? | | ???# # ## ###?????????????????? | | ???# #?????????????????? | | ???# ###### #?????????????????? | | ???# #????????????????????????? | | ???# #????????????????????????? | | ???# #????????????????????????? | | ???# #????????????????????????? | | ???######????????????????????????? | | ?????????????????????????????????? | | ?????????????????????????????????? | +----------------------------------------------------+ Best States ------------- Heat Dissipation 25 Energy Generation 10 Energy Capacity 250 Matter Stores 300 Matter Capacity 300 Sight Range 16 Robot Scan Range 14 Terrain Scan Range 14 Terrain Scan Density 10 Weapon Shielding 33 Evasion (%) 50 Item Schematics ----------------- None Robot Schematics ------------------ None Fabricated ------------ Nothing Alien Tech Used ----------------- None Achievements -------------- None Challenges ------------ None Game ------ Seed ScatterStealthHammer Manual? 0 Play Time 00:22:05 Cumulative 10.9 hours Start 2024.05.15 @ 12:40:52 End 2024.05.15 @ 13:02:36 Sessions 1 Manual Loads 0 Difficulty Rogue Special Mode None Game No. 15 Rogue 15 Adventurer 0 Explorer 0 Win Type - Total 0 Types 0/0/0/0/0/0/0/0/0 Lore% 14 Gallery% 17 Achievement% 15 Wizard Run 0 Options --------- Layout 1 ASCII 0 Keyboard 0 Movement Mouse Keybinds 0 Fullscreen 1 Font 32/Terminus Map View 50x35 Zoom Use 0% Tactical HUD 1 Map Filters NONE Filters NONE Steam 1 RUN: 32c95a44-25f0-4549-80e7-66d861f5caaf